 Dungeon Crawl Stone Soup version 0.29.0-11-gd7f09526c8 (webtiles) character file.

Game seed: 1261818260442439679

405 Ge0ff the Cutter (level 6, -2/47 HPs)
             Began as a Vampire Abyssal Knight on Sept 4, 2022.
             Was a Priest of Lugonu.
             Killed by divine providence
             ... invoked by an orc priest
              (10 damage)
             ... on level 4 of the Dungeon.
             The game lasted 00:05:54 (2376 turns).

Ge0ff the Cutter (Vampire Abyssal Knight)           Turns: 2376, Time: 00:05:55

Health: -2/47      AC:  4    Str: 12    XL:     6   Next: 56%
Magic:  0/8        EV: 12    Int: 12    God:    Lugonu [***...]
Gold:   182        SH:  0    Dex: 17    Spells: 5/5 levels left

rFire   + . .      SeeInvis +   a - +3 short sword
rCold   + . .      Faith    .   (no shield)
rNeg    . . .      Spirit   +   I - +2 robe {Will+}
rPois   +          Reflect  .   (no helmet)
rElec   +          Harm     .   (no cloak)
rCorr   +          Rampage  .   (no gloves)
Will    +....                   (no boots)
Stlth   ++........              J - amulet of guardian spirit
HPRegen 0.35/turn               (no ring)
MPRegen 0.11/turn               (no ring)

@: resistant, attractive, healing quickly
A: alive, fangs 3, see invisible, vampiric 2
a: Exsanguinate, Renounce Religion, Depart the Abyss, Bend Space, Banish


You were on level 4 of the Dungeon.
You worshipped Lugonu.
Lugonu was most pleased with you.
You visited 1 branch of the dungeon, and saw 4 of its levels.
You visited the Abyss 1 time.

You collected 182 gold pieces.

Inventory:

Hand Weapons
 a - a +3 short sword (weapon)
 k - the +11 spear "Jianeh" {vorpal, Contam Str+8 Dex+3}
   (You found it on level 3 of the Dungeon)

   It inflicts extra damage upon your enemies.
   Str:       It affects your strength (+8).
   Dex:       It affects your dexterity (+3).
   Contam:    It causes magical contamination when unequipped.
Missiles
 e - 23 stones (quivered)
 i - 6 boomerangs
Armour
 g - a +0 chain mail
 j - a +0 ring mail
 I - a +2 robe of willpower (worn)
Jewellery
 J - an amulet of guardian spirit (around neck)
Potions
 H - 2 potions of haste {!q}


   Skills:
 - Level 3.0 Fighting
 + Level 6.7 Short Blades
 - Level 1.0 Armour
 - Level 2.1 Dodging
 - Level 2.0 Stealth
 - Level 3.0 Invocations


You had 5 spell levels left.
You didn't know any spells.
Your spell library contained the following spells:

 Spells                   Type           Power      Damage    Failure   Level
 Summon Lightning Spire   Summ/Air       0%         N/A       97%         4
 Storm Form               Tmut/Air       0%         N/A       100%        7
 Maxwell's Capacitive Co  Air            0%         ∞         100%        8


Dungeon Overview and Level Annotations

Branches:
Dungeon (4/15) Zot: 21661
 Temple: D:4-7

Altars:
Gozag
Hepliaklqana
Trog
Uskayaw
Xom

Shops:
D:2 =


Innate Abilities, Weirdness & Mutations

Your natural rate of healing is accelerated.
You have razor-sharp teeth.
You have supernaturally acute eyesight. (SInv)
You are afflicted with vampirism and can become a bat while bloodless.


Message History

* * * LOW HITPOINT WARNING * * *
You barely miss the orc priest. The orc priest barely misses you.
You barely miss the orc priest.
You bite the orc priest, but do no damage.
The orc priest barely misses you.
You hit the orc priest.
The orc priest is lightly wounded.
You hit the orc priest.
The orc priest is moderately wounded.
The orc priest hits you but does no damage.
It was a potion of attraction.
You feel attractive to monsters.
The orc priest hits you but does no damage.
It was a potion of resistance.
You feel protected.
The orc priest hits you with a +0 dagger.
* * * LOW HITPOINT WARNING * * *
You closely miss the orc priest.
The orc priest is moderately wounded.
The orc priest hits you but does no damage.
You closely miss the orc priest. You bite the orc priest.
The orc priest is moderately wounded.
The orc priest closely misses you.
You barely miss the orc priest.
The orc priest is moderately wounded.
You closely miss the orc priest.
The orc priest is moderately wounded.
The orc priest hits you but does no damage.
You hit the orc priest.
The orc priest is heavily wounded.
The orc priest closely misses you.
You hit the orc priest.
The orc priest is severely wounded.
The orc priest miscasts a cantrip.
You hit the orc priest.
The orc priest is almost dead.
The orc priest mumbles some strange prayers to Beogh against you.
You resist with some effort.
You hit the orc priest but do no damage.
The orc priest is severely wounded.
You closely miss the orc priest. You bite the orc priest.
The orc priest is almost dead.
The orc priest hits you with a +0 dagger.
* * * LOW HITPOINT WARNING * * *
You hit the orc priest but do no damage.
Your punch misses the orc priest.
The orc priest is almost dead.
The orc priest invokes the aid of Beogh against you.
Beogh smites you!
You die...

#####+# ########
#.....## ##......#
.......# #.......#
#......#
#.......########)o....#
#...............@)....#
#....................##
######+###...........#
#.......##....##.....#
#.......##....########
##......##....##..
.#................
.#................
.#................


You could see an orc priest.

Vanquished Creatures
  Sigmund (D:4)
  3 orc priests
  A jelly (D:4)
  An orc wizard (D:3)
  3 adders
  3 dart slugs
  2 orcs
  5 endoplasms
  2 giant cockroaches
  7 goblins
  4 hobgoblins
  6 jackals (D:3)
  3 kobolds
  2 quokkas
  8 ball pythons
  4 bats
  6 frilled lizards
  4 rats
65 creatures vanquished.

Notes
Turn   | Place    | Note
-------+----------+-------------------------------------------
     0 | Abyss:1  | Ge0ff the Vampire Abyssal Knight began the quest for the
                  | Orb.
     0 | Abyss:1  | Reached XP level 1. HP: 17/17 MP: 2/2
     1 | D:1      | Escaped the Abyss
    13 | D:1      | Found a faded altar of an unknown god.
    84 | D:1      | Reached skill level 1 in Stealth
   182 | D:1      | Reached XP level 2. HP: 22/23 MP: 3/3
   236 | D:1      | Reached skill level 3 in Short Blades
   661 | D:2      | Found Xabb's One-of-a-Kind Rings.
   712 | D:2      | Gained mutation: You are afflicted with vampirism and can
                  | become a bat while bloodless. [Vampire growth]
   712 | D:2      | Reached XP level 3. HP: 22/28 MP: 4/4
  1347 | D:3      | Found a hazy altar of Hepliaklqana.
  1353 | D:3      | Found a bloodstained altar of Trog.
  1356 | D:3      | Found a shimmering altar of Xom.
  1356 | D:3      | Found an opulent altar of Gozag.
  1363 | D:3      | Found a hide-covered altar of Uskayaw.
  1391 | D:3      | Reached skill level 4 in Short Blades
  1440 | D:3      | Reached *** piety under Lugonu
  1634 | D:3      | Identified the +11 spear "Jianeh" {vorpal, Contam Str+8
                  | Dex+3}
  1664 | D:3      | Reached XP level 4. HP: 11/34 MP: 5/5
  1761 | D:3      | Reached skill level 5 in Short Blades
  1840 | D:3      | Reached skill level 1 in Armour
  1957 | D:3      | Reached XP level 5. HP: 32/41 MP: 6/6
  2157 | D:4      | Noticed Sigmund
  2172 | D:4      | Killed Sigmund
  2173 | D:4      | Reached skill level 6 in Short Blades
  2173 | D:4      | Reached XP level 6. HP: 38/47 MP: 6/8
  2376 | D:4      | Killed from afar by an orc priest

Illustrated notes

Levels and vault maps discovered:
D:1:      sevenhm_arrival_forest_fort_small_4, layout_rooms,
          hellmonk_ecumenical_altar_arch_garden, item_on_display_a
D:2:      layout_loops_ring, nicolae_shop_unique_rings
D:3:      layout_rooms, nicolae_overflow_hallway_of_the_gods
D:4:      layout_gridville, tgw_kikubaaqudgha, uniq_sigmund, uniq_eustachio,
          uniq_natasha

Skill      XL: |  1  2  3  4  5 |
---------------+----------------+-----
Stealth        | 2 |  2.0
Short Blades   | 3 4 5 6 |  6.7
Fighting       | 3 |  3.0
Armour         | 1 |  1.0
Invocations    | 2 3 |  3.0
Dodging        | |  2.1

Action                   |  1- 3 |  4- 6 || total
-------------------------+-------+-------++-------
Melee: Short sword       |   143 |    87 ||   230
       Bite              |    13 |    15 ||    28
       Punch             |       |     1 ||     1
Throw: Stone             |     2 |     8 ||    10
  Use: Scroll            |     5 |     1 ||     6
       Potion            |     2 |     2 ||     4
 Stab: Sleeping          |     1 |       ||     1
Armor: Leather armour    |    27 |     4 ||    31
       Robe              |       |     9 ||     9
Dodge: Dodged            |    81 |    36 ||   117
